TOP OF THE 1ST |
Myrtle Beach Seahawks batting - Pitching for Niagara Falls Expos : RHP Jefferson Suhendro
|
Pitching: RHP Jefferson Suhendro
|
|
Batting: RHB Doug Allerdale
|
0-0: Ball 1-0: Fly out, F7 (Flyball, 78S)
|
Batting: RHB José Bustillo
|
0-0: Called Strike 0-1: Foul Ball, location: 2F 0-2: Ball 1-2: Ground out 5-3 (Groundball, 56S)
|
Batting: LHB Danny Trautmann
|
0-0: Ball 1-0: Called Strike 1-1: Foul Ball, location: 2F 1-2: Ball 2-2: Foul Ball, location: 2F 2-2: Strikes out looking
|
Top of the 1st over - 0 runs, 0 hits, 0 errors, 0 left on base; Myrtle Beach 0 - Niagara Falls 0 |
BOTTOM OF THE 1ST |
Niagara Falls Expos batting - Pitching for Myrtle Beach Seahawks : LHP Jon Trapani
|
Pitching: LHP Jon Trapani
|
|
Batting: RHB José Xirau
|
0-0: Ground out 6-3 (Groundball, 56)
|
Batting: RHB Bogumil Tiwontschik
|
0-0: Called Strike 0-1: Called Strike 0-2: Ball 1-2: Ball 2-2: Ground out 1-3 (Groundball, P)
|
Batting: RHB Ramón Degollado
|
0-0: Foul Ball, location: 2F 0-1: Swinging Strike 0-2: Ball 1-2: Foul Ball, location: 2F 1-2: Ball 2-2: Strikes out swinging, 2-3 out at first.
|
Bottom of the 1st over - 0 runs, 0 hits, 0 errors, 0 left on base; Myrtle Beach 0 - Niagara Falls 0 |
TOP OF THE 2ND |
Myrtle Beach Seahawks batting - Pitching for Niagara Falls Expos : RHP Jefferson Suhendro
|
Batting: RHB Aquiles Morda
|
0-0: Called Strike 0-1: Foul Ball, location: 2F 0-2: Ball 1-2: Ball 2-2: Ball 3-2: Base on Balls
|
Batting: SHB Quentin Harrop
|
0-0: Ball 1-0: Swinging Strike 1-1: Ball 2-1: Ball 3-1: Foul Ball, location: 2F 3-2: Fielders Choice at 2nd, 3-6 (Groundball, 3)
|
Batting: LHB Dallas Ihde
|
0-0: Ball 1-0: Swinging Strike 1-1: Ground out 4-3 (Groundball, 4S) Quentin Harrop to second
|
Batting: LHB Peter Ough
|
0-0: Fly out, F7 (Flyball, 7)
|
Top of the 2nd over - 0 runs, 0 hits, 0 errors, 1 left on base; Myrtle Beach 0 - Niagara Falls 0 |
BOTTOM OF THE 2ND |
Niagara Falls Expos batting - Pitching for Myrtle Beach Seahawks : LHP Jon Trapani
|
Batting: RHB Hou Kong
|
0-0: Called Strike 0-1: Ball 1-1: Swinging Strike 1-2: Strikes out swinging
|
Batting: RHB Bertrand Pick
|
0-0: Called Strike 0-1: Ground out 5-3 (Groundball, 5)
|
Batting: LHB Elroy Kwasnik
|
0-0: Called Strike 0-1: SINGLE (Line Drive, 9LS)
|
Batting: LHB Manuel Núñez
|
0-0: Ball 1-0: Called Strike 1-1: Foul Ball, location: 2F 1-2: Strikes out swinging
|
Bottom of the 2nd over - 0 runs, 1 hit, 0 errors, 1 left on base; Myrtle Beach 0 - Niagara Falls 0 |
TOP OF THE 3RD |
Myrtle Beach Seahawks batting - Pitching for Niagara Falls Expos : RHP Jefferson Suhendro
|
Batting: LHB Gabriel Amezquita
|
0-0: Ground out 5-3 (Groundball, 5L)
|
Batting: LHB Ijsbrand Erkelens
|
0-0: Ball 1-0: Foul Ball, location: 2F 1-1: Swinging Strike 1-2: SINGLE (Groundball, 4MD)
|
Batting: RHB Doug Allerdale
|
0-0: Swinging Strike 0-1: SINGLE (Groundball, 6MD) Ijsbrand Erkelens to second
|
Batting: RHB José Bustillo
|
0-0: Ball 1-0: Ball 2-0: Foul Ball, location: 2F 2-1: Foul Ball, location: 2F 2-2: Strikes out swinging
|
Batting: LHB Danny Trautmann
|
0-0: Ball 1-0: Ball 2-0: DOUBLE (Flyball, 8LD) Ijsbrand Erkelens scores Doug Allerdale to third
|
Batting: RHB Aquiles Morda
|
Balk! Doug Allerdale scores Danny Trautmann to third 0-0: Called Strike 0-1: Ball 1-1: Ball 2-1: Called Strike 2-2: Fly out, F8 (Flyball, 78D)
|
Top of the 3rd over - 2 runs, 3 hits, 0 errors, 1 left on base; Myrtle Beach 2 - Niagara Falls 0 |
BOTTOM OF THE 3RD |
Niagara Falls Expos batting - Pitching for Myrtle Beach Seahawks : LHP Jon Trapani
|
Batting: RHB José Vázquez
|
0-0: Ball 1-0: Foul Ball, location: 2F 1-1: Called Strike 1-2: Ground out 4-3 (Groundball, 4)
|
Batting: RHB Francisco Valentín
|
0-0: Ground out 1-3 (Groundball, 15S)
|
Batting: RHB José Xirau
|
0-0: Called Strike 0-1: Foul Ball, location: 2F 0-2: Ball 1-2: Ball 2-2: Ground out U3 (Groundball, 34)
|
Bottom of the 3rd over - 0 runs, 0 hits, 0 errors, 0 left on base; Myrtle Beach 2 - Niagara Falls 0 |
TOP OF THE 4TH |
Myrtle Beach Seahawks batting - Pitching for Niagara Falls Expos : RHP Jefferson Suhendro
|
Batting: SHB Quentin Harrop
|
0-0: Ball 1-0: Ball 2-0: Swinging Strike 2-1: Ground out 4-3 (Groundball, 4S)
|
Batting: LHB Dallas Ihde
|
0-0: Foul Ball, location: 2F 0-1: Swinging Strike 0-2: Ball 1-2: Fly out, F8 (Line Drive, 8RD)
|
Batting: LHB Peter Ough
|
0-0: Ball 1-0: Hit by Pitch
|
Batting: LHB Gabriel Amezquita
|
0-0: Swinging Strike 0-1: Ball Peter Ough steals 2nd base 1-1: Ball 2-1: Foul Ball, location: 2F 2-2: Strikes out swinging
|
Top of the 4th over - 0 runs, 0 hits, 0 errors, 1 left on base; Myrtle Beach 2 - Niagara Falls 0 |
BOTTOM OF THE 4TH |
Niagara Falls Expos batting - Pitching for Myrtle Beach Seahawks : LHP Jon Trapani
|
Batting: RHB Bogumil Tiwontschik
|
0-0: Foul Ball, location: 2F 0-1: Swinging Strike 0-2: Ball 1-2: Foul Ball, location: 2F 1-2: Strikes out swinging
|
Batting: RHB Ramón Degollado
|
0-0: Ball 1-0: Foul Ball, location: 2F 1-1: Foul Ball, location: 2F 1-2: Foul Ball, location: 2F 1-2: Ball 2-2: SINGLE (Groundball, 6MD)
|
Batting: RHB Hou Kong
|
0-0: Ball 1-0: Ball 2-0: DOUBLE (Flyball, 89D) Ramón Degollado to third
|
Pinch Runner at 2nd Hyun-soo Sim:
|
|
Batting: RHB Bertrand Pick
|
0-0: Foul Ball, location: 2F 0-1: Foul Ball, location: 2F 0-2: Hit by Pitch
|
Batting: LHB Elroy Kwasnik
|
0-0: Swinging Strike 0-1: Fly out, F5 (Line Drive, 56S)
|
Batting: LHB Manuel Núñez
|
0-0: Swinging Strike 0-1: Foul Ball, location: 2F 0-2: Ball Error on foul ball, E3 1-2: Ball 2-2: Strikes out swinging
|
Bottom of the 4th over - 0 runs, 2 hits, 1 error, 3 left on base; Myrtle Beach 2 - Niagara Falls 0 |
TOP OF THE 5TH |
Myrtle Beach Seahawks batting - Pitching for Niagara Falls Expos : RHP Jefferson Suhendro
|
Now at 1B: Hyun-soo Sim
|
|
Batting: LHB Ijsbrand Erkelens
|
0-0: Ball 1-0: Foul Ball, location: 2F 1-1: Foul Ball, location: 2F 1-2: Ball 2-2: Fly out, F5 (Popup, 25F)
|
Batting: RHB Doug Allerdale
|
0-0: Called Strike 0-1: Ball 1-1: Ground out U3 (Groundball, 3L)
|
Batting: RHB José Bustillo
|
0-0: Ball 1-0: Fly out, F5 (Line Drive, 5L)
|
Top of the 5th over - 0 runs, 0 hits, 0 errors, 0 left on base; Myrtle Beach 2 - Niagara Falls 0 |
BOTTOM OF THE 5TH |
Niagara Falls Expos batting - Pitching for Myrtle Beach Seahawks : LHP Jon Trapani
|
Batting: RHB José Vázquez
|
0-0: Called Strike 0-1: Ball 1-1: Called Strike 1-2: Fly out, F7 (Flyball, 7LD)
|
Batting: RHB Francisco Valentín
|
0-0: Ball 1-0: Swinging Strike 1-1: Ball 2-1: Foul Ball, location: 2F 2-2: Strikes out swinging
|
Batting: RHB José Xirau
|
0-0: Ball 1-0: Called Strike 1-1: Ball 2-1: Ground out 5-3 (Groundball, 56)
|
Bottom of the 5th over - 0 runs, 0 hits, 0 errors, 0 left on base; Myrtle Beach 2 - Niagara Falls 0 |
TOP OF THE 6TH |
Myrtle Beach Seahawks batting - Pitching for Niagara Falls Expos : RHP Jefferson Suhendro
|
Batting: LHB Danny Trautmann
|
0-0: Foul Ball, location: 2F 0-1: Hit by Pitch
|
Batting: RHB Aquiles Morda
|
0-0: Fly out, F9 (Flyball, 9LS)
|
Batting: SHB Quentin Harrop
|
0-0: Ball 1-0: Called Strike 1-1: Fielders Choice at 2nd, 3-6 (Groundball, 3)
|
Batting: LHB Dallas Ihde
|
0-0: SINGLE (Groundball, 4MD) Quentin Harrop to second Runner from 2nd tries for 3rd, SAFE, no throw
|
Batting: LHB Peter Ough
|
0-0: Fly out, F4 (Line Drive, 4)
|
Top of the 6th over - 0 runs, 1 hit, 0 errors, 2 left on base; Myrtle Beach 2 - Niagara Falls 0 |
BOTTOM OF THE 6TH |
Niagara Falls Expos batting - Pitching for Myrtle Beach Seahawks : LHP Jon Trapani
|
Batting: RHB Bogumil Tiwontschik
|
0-0: Ball 1-0: Fly out, F8 (Flyball, 8LXD)
|
Batting: RHB Ramón Degollado
|
0-0: Fly out, F8 (Flyball, 78D)
|
Batting: RHB Hyun-soo Sim
|
0-0: Hit by Pitch
|
Batting: RHB Bertrand Pick
|
0-0: Ball 1-0: Swinging Strike 1-1: Foul Ball, location: 2F 1-2: Foul Ball, location: 2F 1-2: SINGLE (Line Drive, 8LS) Hyun-soo Sim to second Runner from 2nd tries for 3rd, SAFE, no throw
|
Batting: LHB Elroy Kwasnik
|
0-0: Called Strike 0-1: Foul Ball, location: 2F 0-2: SINGLE (Groundball, 4MD) Hyun-soo Sim scores Bertrand Pick to second
|
Batting: LHB Manuel Núñez
|
0-0: Called Strike 0-1: Ball 1-1: Ball 2-1: Ball 3-1: Fly out, F3 (Popup, 34S)
|
Bottom of the 6th over - 1 run, 2 hits, 0 errors, 2 left on base; Myrtle Beach 2 - Niagara Falls 1 |
TOP OF THE 7TH |
Myrtle Beach Seahawks batting - Pitching for Niagara Falls Expos : RHP Jefferson Suhendro
|
Batting: LHB Gabriel Amezquita
|
0-0: Foul Ball, location: 2F 0-1: Called Strike 0-2: Ball 1-2: Fly out, F6 (Flyball, 6MD)
|
Batting: LHB Ijsbrand Erkelens
|
0-0: Called Strike 0-1: Ground out 4-3 (Groundball, 4)
|
Batting: RHB Doug Allerdale
|
0-0: Ball 1-0: Ball 2-0: Ball 3-0: Base on Balls
|
Pinch Hitting: RHB Melvin Aikey
|
0-0: Reached on error, E6 (Groundball, 6) Doug Allerdale to second
|
Batting: LHB Danny Trautmann
|
0-0: Swinging Strike 0-1: Ball 1-1: Called Strike 1-2: Ball 2-2: Ball 3-2: Fly out, F4 (Line Drive, 4)
|
Top of the 7th over - 0 runs, 0 hits, 1 error, 2 left on base; Myrtle Beach 2 - Niagara Falls 1 |
BOTTOM OF THE 7TH |
Niagara Falls Expos batting - Pitching for Myrtle Beach Seahawks : LHP Jon Trapani
|
Now at 3B: Qu-bing Thien
|
|
Batting: RHB José Vázquez
|
0-0: Ball 1-0: Fly out, F4 (Line Drive, 4)
|
Batting: RHB Francisco Valentín
|
0-0: Foul Ball, location: 2F 0-1: Ball 1-1: Ball 2-1: Foul Ball, location: 2F 2-2: Strikes out swinging
|
Batting: RHB José Xirau
|
0-0: Ball 1-0: Called Strike 1-1: Ball 2-1: Ground out 5-3 (Groundball, 56)
|
Bottom of the 7th over - 0 runs, 0 hits, 0 errors, 0 left on base; Myrtle Beach 2 - Niagara Falls 1 |
TOP OF THE 8TH |
Myrtle Beach Seahawks batting - Pitching for Niagara Falls Expos : RHP Jefferson Suhendro
|
Batting: RHB Aquiles Morda
|
0-0: Called Strike 0-1: Swinging Strike 0-2: Ball 1-2: Foul Ball, location: 2F 1-2: Ball 2-2: Foul Ball, location: 2F 2-2: Strikes out looking
|
Batting: SHB Quentin Harrop
|
0-0: Ball 1-0: Ground out 3-1 (Groundball, 34)
|
Batting: LHB Dallas Ihde
|
0-0: SINGLE (Groundball, 3D)
|
Pitching: LHP Mannus Dijkman
|
|
Pinch Hitting: RHB Francisco Moreno
|
0-0: Ball 1-0: Swinging Strike 1-1: Ball Passed Ball! Dallas Ihde to second 2-1: Ground out 5-3 (Groundball, 5S)
|
Top of the 8th over - 0 runs, 1 hit, 0 errors, 1 left on base; Myrtle Beach 2 - Niagara Falls 1 |
BOTTOM OF THE 8TH |
Niagara Falls Expos batting - Pitching for Myrtle Beach Seahawks : LHP Jon Trapani
|
Now at SS: Cisco Galindo
|
|
Batting: RHB Bogumil Tiwontschik
|
0-0: Called Strike 0-1: Ball 1-1: SINGLE (Groundball, 6MS) (infield hit)
|
Batting: RHB Ramón Degollado
|
0-0: Ball Balk! Bogumil Tiwontschik to second 1-0: Fly out, F7 (Line Drive, 7)
|
Pinch Hitting: RHB Jesús Herrera
|
0-0: Fly out, F6 (Line Drive, 6M)
|
Batting: RHB Bertrand Pick
|
0-0: Swinging Strike 0-1: Ball 1-1: SINGLE (Groundball, 6MD) Bogumil Tiwontschik to third Runner from 3rd tries for Home, SAFE, no throw
|
Batting: LHB Elroy Kwasnik
|
0-0: Ball 1-0: Ground out 4-3 (Groundball, 4M)
|
Bottom of the 8th over - 1 run, 2 hits, 0 errors, 1 left on base; Myrtle Beach 2 - Niagara Falls 2 |
TOP OF THE 9TH |
Myrtle Beach Seahawks batting - Pitching for Niagara Falls Expos : LHP Mannus Dijkman
|
Pitching: RHP Tony Wolfe
|
|
Now at 1B: Jesús Herrera
|
|
Batting: LHB Gabriel Amezquita
|
0-0: Called Strike 0-1: Ball 1-1: Ball 2-1: Swinging Strike 2-2: Ball 3-2: Foul Ball, location: 2F 3-2: Strikes out swinging
|
Batting: LHB Ijsbrand Erkelens
|
0-0: Ball 1-0: Ball 2-0: Ball 3-0: Called Strike 3-1: Foul Ball, location: 2F 3-2: Fly out, F5 (Line Drive, 5L)
|
Batting: RHB Doug Allerdale
|
0-0: Ball 1-0: Called Strike 1-1: Ball 2-1: Called Strike 2-2: Foul Ball, location: 2F 2-2: Strikes out swinging
|
Top of the 9th over - 0 runs, 0 hits, 0 errors, 0 left on base; Myrtle Beach 2 - Niagara Falls 2 |
BOTTOM OF THE 9TH |
Niagara Falls Expos batting - Pitching for Myrtle Beach Seahawks : LHP Jon Trapani
|
Batting: LHB Manuel Núñez
|
0-0: Fly out, F7 (Flyball, 7S)
|
Batting: RHB José Vázquez
|
0-0: Foul Ball, location: 2F 0-1: Swinging Strike 0-2: Ball 1-2: Ball 2-2: Ground out 5-3 (Groundball, 5)
|
Batting: RHB Francisco Valentín
|
0-0: Called Strike 0-1: Ball 1-1: Swinging Strike 1-2: Ball 2-2: SINGLE (Groundball, 56D)
|
Pitching: RHP Greyfriars Bobby
|
|
Pinch Runner at 1st Min-tae Yi:
|
|
Pinch Hitting: LHB Duk-yeo Chin
|
0-0: Ball Min-tae Yi steals 2nd base 1-0: Ball 2-0: Called Strike 2-1: Ball 3-1: Base on Balls
|
Batting: RHB Bogumil Tiwontschik
|
0-0: Ball 1-0: Ball 2-0: Fly out, F8 (Flyball, 8RD)
|
Bottom of the 9th over - 0 runs, 1 hit, 0 errors, 2 left on base; Myrtle Beach 2 - Niagara Falls 2 |
TOP OF THE 10TH |
Myrtle Beach Seahawks batting - Pitching for Niagara Falls Expos : RHP Tony Wolfe
|
Now at SS: Min-tae Yi
|
|
Now in CF: Fred Hulvey
|
|
Batting: RHB Qu-bing Thien
|
0-0: Ball 1-0: Foul Ball, location: 2F 1-1: Ball 2-1: Foul Ball, location: 2F 2-2: Ground out 6-3 (Groundball, 6)
|
Batting: LHB Danny Trautmann
|
0-0: SINGLE (Line Drive, 9LS)
|
Pinch Runner at 1st Chuk-yan Yang:
|
|
Batting: RHB Aquiles Morda
|
0-0: Ball 1-0: Swinging Strike 1-1: Ball 2-1: Foul Ball, location: 2F 2-2: SINGLE (Line Drive, 6MD) Chuk-yan Yang to second Runner from 2nd tries for 3rd, SAFE, no throw
|
Batting: SHB Quentin Harrop
|
0-0: Foul Ball, location: 2F 0-1: Swinging Strike 0-2: Ball 1-2: Ball Wild Pitch! Chuk-yan Yang scores Aquiles Morda to second 2-2: Foul Ball, location: 2F 2-2: Strikes out swinging
|
Batting: LHB Dallas Ihde
|
0-0: Ball 1-0: Ball 2-0: Ball 3-0: Base on Balls
|
Pinch Hitting: RHB Luke Thornton
|
0-0: Ball 1-0: Ground out 4-3 (Groundball, 34D)
|
Top of the 10th over - 1 run, 2 hits, 0 errors, 2 left on base; Myrtle Beach 3 - Niagara Falls 2 |
BOTTOM OF THE 10TH |
Niagara Falls Expos batting - Pitching for Myrtle Beach Seahawks : RHP Greyfriars Bobby
|
Now at SS: Juan Mata
|
|
Now in CF: Chuk-yan Yang
|
|
Batting: RHB Ramón Degollado
|
0-0: Ball 1-0: Ball 2-0: SINGLE (Line Drive, 8LS)
|
Batting: RHB Jesús Herrera
|
0-0: Called Strike 0-1: Foul Ball, location: 2F 0-2: Ball 1-2: Ball 2-2: Strikes out swinging
|
Batting: RHB Bertrand Pick
|
0-0: Foul Ball, location: 2F 0-1: Grounds into double play, 4-6-3 (Groundball, 4)
|
Bottom of the 10th over - 0 runs, 1 hit, 0 errors, 0 left on base; Myrtle Beach 3 - Niagara Falls 2 |
|